 Dungeon Crawl Stone Soup version 0.31.0-4-g52a2dc7128 (webtiles) character file.

Game seed: 17983916665139978115

1829 Esekla the Thaumaturge (level 8, 0/43 HPs)
             Began as a Deep Elf Warper on Jan 22, 2024.
             Was a Believer of Vehumet.
             Slain by a killer bee (6 damage)
             ... on level 7 of the Dungeon.
             The game lasted 00:51:09 (7831 turns).

Esekla the Thaumaturge (Deep Elf Warper)            Turns: 7831, Time: 00:51:10

Health: 0/43       AC:  3    Str:  8    XL:     8   Next: 86%
Magic:  0/22       EV: 15    Int: 27    God:    Vehumet [**....]
Gold:   229        SH:  0    Dex: 14    Spells: 14/23 levels left

rFire   . . .        d - staff of death
rCold   . . .        (no shield)
rNeg    + . .        x - +0 animal skin
rPois   +            w - +0 helmet
rElec   .            (no cloak)
rCorr   .            (no gloves)
SInv    .            (no boots)
Will    .....        (no amulet)
Stlth   ++           B - +6 ring of intelligence
HPRegen 0.27/turn    N - ring of poison resistance
MPRegen 0.18/turn

%: no passive effects
@: lethally poisoned (0 -> -4)
A: no striking features
a: Renounce Religion


You were on level 7 of the Dungeon.
You worshipped Vehumet.
Vehumet was pleased with you.
You visited 2 branches of the dungeon, and saw 8 of its levels.
You also visited: Ossuary.

You collected 307 gold pieces.
You spent 78 gold pieces at shops.

Inventory:

Hand Weapons
 a - a +0 falchion
 e - a +0 dagger of electrocution
 r - a +0 vampiric trident
 s - a +2 dagger of pain
Missiles
 j - 2 poisoned darts (quivered)
 u - 4 darts of dispersal
Armour
 w - a +0 helmet (worn)
 x - a +0 animal skin (worn)
 D - a +1 leather armour of cold resistance
 E - the +0 buckler "Votesel" {rC++}
   (You found it on level 2 of the Dungeon)

   rC++:      It greatly protects you from cold.
Magical Staves
 d - a staff of death (weapon)
Jewellery
 l - a ring of willpower
 m - a +5 ring of evasion
 B - a +6 ring of intelligence (left hand)
 N - a ring of poison resistance (right hand)
Wands
 A - a wand of roots (9)
 J - a wand of flame (10)
Scrolls
 b - 4 scrolls of acquirement {unknown}
 c - 3 scrolls of blinking
 h - 2 scrolls of noise
 i - 2 scrolls of fog {unknown}
 p - a scroll of poison
 q - 2 scrolls of vulnerability {unknown}
 y - 2 scrolls of torment {unknown}
 z - a scroll of immolation {unknown}
 F - 3 scrolls of teleportation
 G - a scroll of enchant weapon {unknown}
 K - a scroll of butterflies {unknown}
 O - a scroll of identify
Potions
 f - 2 potions of cancellation {unknown}
 k - 4 potions of enlightenment
 o - a potion of attraction
 t - 5 potions of might
 v - a potion of brilliance {unknown}
 C - a potion of lignification {unknown}
 H - 2 potions of resistance {unknown}
 I - a potion of ambrosia
 L - a potion of berserk rage {unknown}


   Skills:
 - Level 1.5 Fighting
 + Level 4.2(4.5) Short Blades
 + Level 2.1(3.2) Long Blades
 + Level 1.5 Throwing
 - Level 0.7 Armour
 * Level 7.9 Dodging
 + Level 2.9 Stealth
 * Level 8.2 Spellcasting
 * Level 5.1 Necromancy
 + Level 4.0 Translocations
 * Level 1.4 Air Magic


You had 14 spell levels left.
You knew the following spells:

 Your Spells              Type           Power      Damage    Failure   Level
b - Blink                 Tloc           64%        N/A       1%          2
d - Vampiric Draining     Necr           55%        2d9       1%          3
h - Vhi's Electric Charg  Tloc/Air       50%        N/A       17%         4

Your spell library contained the following spells:

 Spells                   Type           Power      Damage    Failure   Level
 Static Discharge         Conj/Air       28%        3-5/arc   6%          2
 Lesser Beckoning         Tloc           64%        N/A       1%          2
 Teleport Other           Tloc           32%        N/A       3%          3
 Slow                     Hex            44%        N/A       5%          1
 Manifold Assault         Tloc           32%        N/A       10%         4
 Passage of Golubria      Tloc           32%        N/A       10%         4
 Confusing Touch          Hex            11%        N/A       16%         3
 Sigil of Binding         Hex            11%        N/A       16%         3
 Silence                  Hex/Air        7%         N/A       71%         5
 Lehudib's Crystal Spear  Conj/Erth      5%         10d3      100%        8


Dungeon Overview and Level Annotations

Branches:
Dungeon (7/15)             Temple (1/1) D:5         Ossuary (visited)

Altars:
Ashenzari
Cheibriados
Dithmenos
Elyvilon
Fedhas
Gozag
Hepliaklqana
Makhleb
Nemelex Xobeh
Okawaru
Qazlal
Ru
Sif Muna
Trog
Uskayaw
Vehumet
Wu Jian
Xom
Yredelemnul
Zin
The Shining One

Shops:
D:3 *   D:4 ?

Annotations:
D:3 white imp
D:6 Jeremiah


Message History

Confirm with . or Enter, or press ? or * to list all spells.
Aiming: Vampiric Draining (safe; 1% risk of failure)
Press: ? - help, Shift-Dir - straight line, f - killer bee
Aim: a killer bee (moderately wounded)
You feel a surge of power!
You draw life force from the killer bee!
You feel life coursing into your body. The killer bee barely misses you.
The killer bee stings you! Pain shudders through your arm!
s - a +2 dagger of pain (weapon)
The killer bee stings you!
* * * LOW HITPOINT WARNING * * *
You barely miss the killer bee.
The killer bee is almost dead.
The killer bee closely misses you.
The killer bee stings you but does no damage.
You closely miss the killer bee.
The killer bee is severely wounded.
The killer bee stings you!
* * * LOW HITPOINT WARNING * * *
You are lethally poisoned!
The killer bee poisons you!
Okay, then.
Unknown command.
Okay, then.
d - a staff of death (weapon)
* * * LOW HITPOINT WARNING * * *
You feel sick. The killer bee misses you.
Casting: Vampiric Draining (safe; 1% risk of failure)
Confirm with . or Enter, or press ? or * to list all spells.
Aiming: Vampiric Draining (safe; 1% risk of failure)
Press: ? - help, Shift-Dir - straight line, f/p - killer bee
Aim: a killer bee (severely wounded)
You feel a surge of power!
You draw life force from the killer bee!
You kill the killer bee!
Vehumet accepts your kill.
You feel life coursing into your body.
You feel sick. The killer bee stings you.
You die...

#.# #.# #.#
... #.# #.#
#.# #@# .....
.#######y#
#...#
y...y....#
#...#
.y..####.#
#...# #.y.##.#
#...#
####....####
#...#
....<.......#
###...#
......#...#.##
#.....##
......##.....#
##+#.....


You could see a killer bee.

Vanquished Creatures
  A steam dragon (D:6)
  An ice beast (D:5)
  A black bear (D:7)
  3 elf zombies (Ossuary)
  2 scorpions (D:6)
  A burial acolyte (Ossuary)
  5 killer bees (D:7)
  A howler monkey (D:5)
  A bombardier beetle (D:5)
  4 hounds
  A centaur zombie (Ossuary)
  3 orc priests
  Ijyb (D:5)
  3 human zombies (Ossuary)
  Jessica (D:2)
  4 iguanas
  Natasha (thrice) (D:2)
  2 crocodile zombies (Ossuary)
  3 hound zombies (Ossuary)
  3 mummies (Ossuary)
  Robin (D:4)
  12 adders
  A shadow imp (D:5)
  An adder zombie (Ossuary)
  A dart slug (D:5)
  A ribbon worm (D:4)
  10 orcs
  7 ball pythons
  4 bats
  7 endoplasms
  3 giant cockroaches
  11 hobgoblins
  6 quokkas
  2 ball python zombies (Ossuary)
  3 frilled lizards
  9 goblins
  4 jackal zombies (Ossuary)
  2 kobolds
  8 kobold zombies (Ossuary)
  A rat (D:3)
138 creatures vanquished.

Notes
Turn   | Place    | Note
-------+----------+-------------------------------------------
     0 | D:1      | Esekla the Deep Elf Warper began the quest for the Orb.
     0 | D:1      | Reached XP level 1. HP: 12/12 MP: 6/6
   300 | D:1      | Reached XP level 2. HP: 16/16 MP: 8/8
   303 | D:1      | Learned a level 2 spell: Blink
   341 | D:1      | Found a faded altar of an unknown god.
   699 | D:2      | Noticed Natasha
   993 | D:1      | Reached skill level 1 in Stealth
  1305 | D:3      | Reached XP level 3. HP: 16/20 MP: 10/10
  1335 | D:3      | Learned a level 3 spell: Vampiric Draining
  1431 | D:3      | Found Pabaeh's Assorted Antiques.
  1547 | D:3      | Noticed Robin
  1583 | D:4      | Killed Robin
  1631 | D:4      | Reached XP level 4. HP: 25/25 MP: 11/11
  1666 | D:4      | Found Aficem's Magic Scroll Boutique.
  1669 | D:4      | Bought a scroll of identify for 20 gold pieces
  1773 | D:4      | Reached skill level 4 in Spellcasting
  2055 | D:4      | Found a stormy altar of Qazlal.
  2057 | D:4      | Found a snail-covered altar of Cheibriados.
  2062 | D:4      | Found a hazy altar of Hepliaklqana.
  2064 | D:4      | Found a glowing silver altar of Zin.
  2066 | D:4      | Found a glowing golden altar of the Shining One.
  2068 | D:4      | Found a sparkling altar of Nemelex Xobeh.
  2108 | D:4      | Reached XP level 5. HP: 29/29 MP: 13/13
  2170 | D:4      | Reached skill level 1 in Necromancy
  2191 | D:4      | Noticed a phantom
  2352 | D:3      | Bought a scroll labelled RAZOHODAFAA for 31 gold pieces
  2352 | D:3      | Bought a bubbling golden potion for 27 gold pieces
  2623 | D:5      | Entered Level 5 of the Dungeon
  2645 | D:5      | Found a sand-covered staircase.
  2684 | D:5      | Found a basalt altar of Yredelemnul.
  2684 | D:5      | Found a shadowy altar of Dithmenos.
  2705 | D:5      | Reached skill level 1 in Short Blades
  2752 | D:5      | Found a staircase to the Ecumenical Temple.
  2814 | Temple   | Entered the Ecumenical Temple
  2819 | D:5      | Found a radiant altar of Vehumet.
  2827 | D:5      | Became a worshipper of Vehumet
  2904 | Ossuary  | Entered an ossuary
  3021 | Ossuary  | Reached XP level 6. HP: 34/34 MP: 4/15
  3069 | Ossuary  | Reached skill level 5 in Dodging
  3276 | Ossuary  | Reached skill level 5 in Spellcasting
  3502 | Ossuary  | Reached * piety under Vehumet
  3502 | Ossuary  | Offered knowledge of Sandblast by Vehumet.
  3529 | Ossuary  | Reached XP level 7. HP: 36/38 MP: 16/16
  4324 | D:2      | Killed Natasha
  4416 | D:2      | Identified the +0 buckler "Votesel" {rC++}
  4427 | D:2      | Noticed Jessica
  4441 | D:2      | Killed Jessica
  4670 | D:2      | Noticed Natasha
  4688 | D:2      | Killed Natasha
  4854 | D:2      | Noticed Natasha
  4863 | D:2      | Killed Natasha
  5094 | D:3      | Reached ** piety under Vehumet
  5094 | D:3      | Offered knowledge of Static Discharge by Vehumet.
  5458 | D:6      | Noticed Jeremiah
  5663 | D:5      | Reached XP level 8. HP: 41/43 MP: 18/18
  5672 | D:5      | Learned a level 4 spell: Vhi's Electric Charge
  5681 | D:5      | Noticed Ijyb
  5700 | D:5      | Killed Ijyb
  5810 | D:5      | Reached skill level 6 in Spellcasting
  7128 | D:6      | Reached skill level 1 in Air Magic
  7697 | D:7      | Reached skill level 7 in Spellcasting
  7715 | D:7      | Reached skill level 5 in Necromancy
  7806 | D:7      | Reached skill level 8 in Spellcasting
  7831 | D:7      | Slain by a killer bee

Illustrated notes

Levels and vault maps discovered:
D:1:      scummos_arrival_forest, layout_basic, shapermc_ecumenical_altar_gd
D:2:      layout_basic, uniq_natasha, uniq_jessica
D:3:      layout_loops_ring, serial_shops, nicolae_square_shop, uniq_robin
D:4:      layout_gridville, minitemple, serial_shops, nicolae_shop_rolled_up,
          moated_statue
D:5:      layout_basic, nicolae_vehumet_altar_sigil,
          gammafunk_temple_overflow_elements, temple_pool_b,
          nicolae_ossuary_entry_monument, uniq_ijyb
D:6:      layout_basic, uniq_jeremiah
D:7:      layout_basic, st_stairs_1
Temple:   hellmonk_temple_forest_ring

Skill      XL: |  1  2  3  4  5  6  7  8 |
---------------+-------------------------+-----
Stealth        | 1 2 |  2.9
Dodging        | 3 4 5 6 7 |  7.9
Spellcasting   | 4 5 8 |  8.2
Long Blades    | 2 |  2.1
Necromancy     | 2 3 5 |  5.1
Short Blades   | 1 2 4 |  4.2
Translocations | 4 |  4.0
Air Magic      | 1 |  1.4
Fighting       | |  1.5
Throwing       | |  1.5
Armour         | |  0.7

Action                     |  1- 3 |  4- 6 |  7- 9 || total
---------------------------+-------+-------+-------++-------
  Melee: Falchion          |    58 |       |       ||    58
         Dagger            |    39 |   268 |   302 ||   609
         Punch             |       |     5 |     4 ||     9
         Staff             |       |       |     1 ||     1
  Throw: Dart              |       |     5 |     6 ||    11
   Cast: Blink             |     1 |     2 |     1 ||     4
         Vampiric Draining |       |     7 |    33 ||    40
  Evoke: Wand              |       |       |     3 ||     3
    Use: Scroll            |       |    13 |     3 ||    16
         Potion            |       |       |     3 ||     3
   Stab: Sleeping          |     1 |     1 |     5 ||     7
 Armour: Leather armour    |    39 |       |       ||    39
         Animal skin       |     1 |    80 |   123 ||   204
  Dodge: Dodged            |    66 |   213 |   250 ||   529
